 Dungeon Crawl Stone Soup version 0.26.0-15-gc6cd9f700b (webtiles) character file.

Game seed: 3695715597294681335

13692 trckry the Grappler (level 11, -9/84 HPs)
             Began as a Pale Draconian Transmuter on Jan 16, 2021.
             Was a High Priest of Fedhas.
             Mangled by a red ugly thing (23 damage)
             ... on level 12 of the Dungeon.
             The game lasted 00:45:26 (15336 turns).

trckry the Grappler (Pale Draconian Transmuter)    Turns: 15336, Time: 00:45:26

Health: -9/84      AC: 10    Str: 12    XL:     11   Next: 78%
Magic:  14/16      EV: 13    Int: 18    God:    Fedhas [*****.]
Gold:   630        SH:  5    Dex: 11    Spells: 11/17 levels left

rFire    . . .     SeeInvis .     - Unarmed
rCold    . . .     Faith    .   (shield currently unavailable)
rNeg     . . .     Spirit   .   (armour unavailable)
rPois    .         Reflect  +   (helmet restricted)
rElec    .         Harm     .   G - +1 cloak {rCorr}
rCorr    +         Rampage  .   (gloves currently unavailable)
Will     +....                  C - +0 pair of boots
Stlth    +.........             w - amulet of reflection
HPRegen  0.24/turn              E - ring of willpower
MPRegen  0.15/turn              (no ring)

@: blade hands (expiring)
A: breathe steam, unfitting armour, blink, screaming 1, evolution 1,
cold-blooded, AC +7
a: Breathe Steam, End Transformation, Blink, Renounce Religion, Wall of Briars,
Grow Ballistomycete, Overgrow, Grow Oklob


You were on level 12 of the Dungeon.
You worshipped Fedhas.
Fedhas was extremely pleased with you.
You had blades for hands.
You visited 2 branches of the dungeon, and saw 13 of its levels.
You also visited: Sewer.

You collected 630 gold pieces.

Inventory:

Missiles
 k - 4 boomerangs of dispersal (quivered)
 m - a throwing net
Armour
 e - a scarf of resistance
 l - a +0 buckler
 C - a +0 pair of boots (worn)
 G - a +1 cloak of preservation (worn)
 H - a +0 kite shield
Jewellery
 w - an amulet of reflection (around neck)
 E - a ring of willpower (left scythe-like blade)
Wands
 a - a wand of flame (15)
 n - a wand of disintegration (19)
 p - a wand of enslavement (8)
 y - a wand of iceblast (6)
 A - a wand of polymorph (13)
 F - a wand of random effects (32)
Scrolls
 b - 9 scrolls of remove curse
 c - a scroll of magic mapping
 f - 3 scrolls of fog
 g - 4 scrolls of teleportation
 i - 8 scrolls of identify
 o - 3 scrolls of immolation {unknown}
 q - a scroll of enchant weapon
 s - 5 scrolls of amnesia
Potions
 d - 3 potions of heal wounds
 h - 2 potions of haste
 j - 2 potions of flight
 r - a potion of magic


   Skills:
 + Level 4.2 Fighting
 + Level 3.7 Dodging
 + Level 1.8 Shields
 * Level 10.9 Unarmed Combat
 + Level 3.8 Spellcasting
 - Level 5.0 Translocations
 * Level 10.7 Transmutations
 * Level 7.5 Invocations
 + Level 5.3 Evocations


You had 11 spell levels left.
You knew the following spells:

 Your Spells              Type           Power        Failure   Level
a - Blade Hands           Tmut           21%          32%         5
b - Apportation           Tloc           42%          21%         1

Your spell library contained the following spells:

 Spells                   Type           Power        Failure   Level
 Beastly Appendage        Tmut           84%          9%          1
 Wereblood                Tmut           42%          10%         2
 Spider Form              Tmut/Pois      11%          32%         3
 Animate Skeleton         Necr           6%           56%         1
 Corona                   Hex            3%           56%         1
 Foxfire                  Conj/Fire      12%          56%         1
 Freeze                   Ice            12%          56%         1
 Summon Small Mammal      Summ           12%          56%         1
 Ice Form                 Ice/Tmut       22%          58%         4
 Conjure Flame            Conj/Fire      3%           82%         3
 Frozen Ramparts          Ice            6%           82%         3
 Inner Flame              Hex/Fire       3%           82%         3
 Ozocubu's Armour         Ice            3%           82%         3
 Hailstorm                Conj/Ice       3%           98%         4
 Sticky Flame             Conj/Fire      3%           98%         4
 Summon Ice Beast         Ice/Summ       3%           98%         4
 Fireball                 Conj/Fire      1%           100%        5


Dungeon Overview and Level Annotations

Branches:
Dungeon (12/15)            Temple (1/1) D:4            Lair (0/6) D:10
    Orc (0/2) D:10          Sewer (visited)

Altars:
Ashenzari
Cheibriados
Dithmenos
Elyvilon
Fedhas
Gozag
Hepliaklqana
Kikubaaqudgha
Makhleb
Nemelex Xobeh
Okawaru
Qazlal
Ru
Sif Muna
Trog
Uskayaw
Vehumet
Wu Jian
Xom
Yredelemnul
Zin
The Shining One

Shops:
D:8 *

Annotations:
D:9 1 runed translucent door, SturgillTurtle's ghost, novice MiFi


Innate Abilities, Weirdness & Mutations

You can breathe blasts of scalding, opaque steam.
Your pale cyan-grey scales are hard. (AC +7)
You cannot fit into any form of body armour.
You are cold-blooded and may be slowed by cold attacks.
You can translocate small distances at will.
You occasionally shout uncontrollably at your foes.
You evolve.


Message History

Your hands turn into razor-sharp scythe blades.
The red ugly thing claws you!
You are engulfed in flames!!
You hit the red ugly thing.
The red ugly thing is lightly wounded.
You slash the red ugly thing!
The red ugly thing is moderately wounded.
The red ugly thing barely misses you.
You slash the red ugly thing!
The red ugly thing is heavily wounded.
The red ugly thing claws you!
You are engulfed in flames!
You have got your breath back.
The red ugly thing claws you.
You are engulfed in flames!
* * * LOW HITPOINT WARNING * * *
There is a stone staircase leading up, spattered with blood here.
Your transformation is almost over.
The red ugly thing claws you!
* * * LOW HITPOINT WARNING * * *
You are engulfed in flames!!
You die...
Fedhas appreciates your contribution to the ecosystem.

....... #......#
....... #......#
....... #......#
....... #...>..#
....... #.......
.......
.#......######.......
.....................
.......<#####@.......
............u........
..........##.###....#
..........##... ####
[.............##
...#......$..##
..........)...
.(............
..............


You could see a red ugly thing.

Vanquished Creatures
  Josephine (D:10)
  A rakshasa (D:10)
  An ogre mage (D:10)
  2 two-headed ogres
  Urug (D:10)
  An ugly thing (D:11)
  A yaktaur (D:10)
  3 trolls (D:10)
  A hornet (D:9)
  2 shadows
  7 wraiths
  9 yaks
  Menkaure (D:5)
  A soldier ant (D:11)
  2 water moccasins
  Duvessa (D:7)
  A black bear (D:9)
  3 ice beasts
  A swamp drake (D:10)
  6 orc warriors
  3 sky beasts
  An eye of draining (D:11)
  5 ogres
  2 centaurs
  4 big kobolds
  Blork the orc (D:4)
  2 bullfrogs
  A gnoll sergeant (D:7)
  Dowan (D:7)
  4 scorpions
  4 killer bees (D:9)
  3 wights (D:6)
  2 vampire bats (D:5)
  3 howler monkeys
  A quasit (D:10)
  3 bullfrog zombies
  Crazy Yiuf (D:7)
  A centaur zombie (D:5)
  A gnoll shaman (D:8)
  6 hounds
  4 orc priests
  A jelly (D:9)
  13 orc wizards
  5 iguanas
  Natasha (twice) (D:3)
  Terence (D:2)
  8 worker ants
  A hound skeleton (D:6)
  2 worker ant zombies
  Robin (D:2)
  9 adders
  12 gnolls
  A river rat (Sewer)
  3 shadow imps
  A white imp (D:8)
  2 adder zombies (D:7)
  An adder skeleton (D:7)
  5 worms
  5 dart slugs
  6 leopard geckos
  43 orcs
  4 ball pythons
  4 bats
  2 bat skeletons (D:5)
  3 bat zombies (D:5)
  3 giant cockroaches
  14 goblins
  23 hobgoblins
  8 jackals
  4 quokkas
  4 frilled lizards
  A jackal skeleton (D:7)
  19 kobolds
  A leopard gecko skeleton (D:7)
  2 quokka skeletons
  10 rats
323 creatures vanquished.

Vanquished Creatures (others)
  2 bushes (D:2)
  26 plants
  2 withered plants (D:9)
30 creatures vanquished.

Grand Total: 353 creatures vanquished

Notes
Turn   | Place    | Note
-------+----------+-------------------------------------------
     0 | D:1      | trckry the Draconian Transmuter began the quest for the
                  | Orb.
     0 | D:1      | Reached XP level 1. HP: 16/16 MP: 3/3
    40 | D:1      | Found a sparkling altar of Nemelex Xobeh.
    89 | D:1      | Reached XP level 2. HP: 10/23 MP: 3/5
   958 | D:1      | Reached XP level 3. HP: 28/28 MP: 4/6
  1019 | D:2      | Reached XP level 4. HP: 19/35 MP: 7/7
  1019 | D:2      | Noticed Terence
  1722 | D:2      | Found a snail-covered altar of Cheibriados.
  1951 | D:2      | Killed Terence
  1952 | D:2      | Reached XP level 5. HP: 17/40 MP: 8/8
  2578 | D:2      | Noticed Robin
  2590 | D:2      | Killed Robin
  2801 | D:3      | Found a faded altar of an unknown god.
  2812 | D:3      | Became a worshipper of Fedhas Madash
  2812 | D:3      | Reached * piety under Fedhas
  2852 | D:3      | Found a glowing drain.
  2865 | D:3      | Noticed Natasha
  2878 | D:3      | Killed Natasha
  2879 | D:3      | Reached skill level 5 in Unarmed Combat
  2881 | Sewer    | Entered a sewer
  3055 | Sewer    | Reached XP level 6. HP: 23/47 MP: 7/9
  3234 | Sewer    | Found a white marble altar of Elyvilon.
  3456 | D:3      | Reached ** piety under Fedhas
  3476 | D:3      | Reached skill level 5 in Transmutations
  4054 | D:3      | Noticed Natasha
  4061 | D:3      | Killed Natasha
  4062 | D:3      | Your scales start taking on a pale cyan-grey colour.
  4062 | D:3      | Reached XP level 7. HP: 52/52 MP: 8/10
  4625 | D:4      | Found a staircase to the Ecumenical Temple.
  4678 | D:4      | Noticed Blork the orc
  4714 | D:4      | Killed Blork the orc
  5096 | Temple   | Entered the Ecumenical Temple
  5167 | D:5      | Entered Level 5 of the Dungeon
  5207 | D:5      | Reached skill level 1 in Invocations
  5596 | D:5      | Noticed Menkaure
  5605 | D:5      | Killed Menkaure
  5675 | D:5      | Found an ancient bone altar of Kikubaaqudgha.
  5834 | D:5      | Reached *** piety under Fedhas
  5883 | D:5      | Reached XP level 8. HP: 30/59 MP: 11/11
  7311 | D:6      | Found a shimmering blue altar of Sif Muna.
  7498 | D:6      | Learned a level 5 spell: Blade Hands
  7553 | D:7      | Found a white marble altar of Elyvilon.
  7564 | D:7      | Reached XP level 9. HP: 52/64 MP: 10/12
  7893 | D:7      | Noticed Duvessa
  7894 | D:7      | Noticed Dowan
  7939 | D:7      | Killed Duvessa
  7939 | D:7      | Reached **** piety under Fedhas
  7940 | D:7      | Reached skill level 1 in Evocations
  7941 | D:7      | Killed Dowan
  8202 | D:7      | Learned a level 1 spell: Apportation
  8388 | D:7      | Found a runed translucent door.
  8389 | D:7      | Noticed Crazy Yiuf
  8395 | D:7      | Killed Crazy Yiuf
  8659 | D:8      | Found Itozuleo's Assorted Antiques.
  8750 | D:8      | Reached skill level 1 in Translocations
  9083 | D:8      | Noticed a two-headed ogre
  9684 | D:8      | Found a blossoming altar of Fedhas.
  9684 | D:8      | Found a glowing golden altar of the Shining One.
  9684 | D:8      | Found a radiant altar of Vehumet.
  9686 | D:8      | Found an opulent altar of Gozag.
  9689 | D:8      | Found a stormy altar of Qazlal.
  9885 | D:9      | Noticed a two-headed ogre
  9886 | D:9      | Found a runed translucent door.
  9886 | D:9      | Noticed SturgillTurtle's ghost (novice MiFi)
  9911 | D:9      | Killed a two-headed ogre
  9912 | D:9      | Reached skill level 5 in Invocations
 10200 | D:9      | Reached XP level 10. HP: 59/71 MP: 14/14
 10301 | D:9      | Paralysed by a hornet for 1 turns
 10304 | D:9      | HP: 6/71 [hornet (5)]
 10305 | D:9      | HP: 1/71 [hornet (17)]
 10320 | D:9      | Reached ***** piety under Fedhas
 11096 | D:9      | Gained mutation: You are frail. (-10% HP) [potion of
                  | mutation]
 11096 | D:9      | Gained mutation: You occasionally shout uncontrollably at
                  | your foes. [potion of mutation]
 11096 | D:9      | Gained mutation: You have a pair of small horns on your
                  | head. [potion of mutation]
 11097 | D:9      | Lost mutation: You are frail. (-10% HP) [potion of
                  | mutation]
 11097 | D:9      | Lost mutation: You have a pair of small horns on your head.
                  | [potion of mutation]
 11097 | D:9      | Gained mutation: You can translocate small distances at
                  | will. [potion of mutation]
 11097 | D:9      | Gained mutation: You evolve. [potion of mutation]
 11166 | D:10     | Entered Level 10 of the Dungeon
 11379 | D:10     | Noticed Josephine
 11386 | D:10     | Killed Josephine
 11387 | D:10     | Reached skill level 10 in Unarmed Combat
 11684 | D:10     | Reached skill level 10 in Transmutations
 11918 | D:10     | Found a staircase to the Lair.
 12427 | D:10     | Noticed an ogre mage
 12467 | D:10     | Reached XP level 11. HP: 46/82 MP: 7/15
 12630 | D:10     | Killed an ogre mage
 13015 | D:10     | Noticed Urug
 13047 | D:10     | Killed Urug
 13457 | D:10     | Noticed a rakshasa
 13498 | D:10     | Killed a rakshasa
 13873 | D:10     | Found a staircase to the Orcish Mines.
 14107 | D:11     | Reached skill level 5 in Evocations
 14196 | D:11     | Reached skill level 1 in Shields
 14350 | D:11     | Noticed a purple ugly thing
 14364 | D:11     | Killed a purple ugly thing
 14646 | D:11     | Noticed a two-headed ogre
 14654 | D:11     | Killed a two-headed ogre
 15091 | D:11     | Reached skill level 5 in Translocations
 15310 | D:12     | Noticed a red ugly thing
 15336 | D:12     | Mangled by a red ugly thing

Illustrated notes

Levels and vault maps discovered:
D:1:      saegor_arrival_simple_e, layout_rooms, minmay_misc_feat_five,
          nemelex_xobeh_ov_fountains_minmay
D:2:      layout_loops_ring, general_overflow_altar, serial_forest,
          infiniplex_forest_corner_1, infiniplex_forest_end_double,
          infiniplex_forest_end_2, infiniplex_forest_3_way,
          infiniplex_forest_lined_1, infiniplex_forest_clump_long,
          infiniplex_forest_clump_long, infiniplex_forest_clump_diagonal,
          infiniplex_forest_straight_1, infiniplex_forest_lined_2,
          minmay_pentomino_z4, uniq_robin, uniq_terence
D:3:      cheibrodos_thug_alley, layout_basic, cheibrodos_sewer_entry_sluice,
          chequers_ecumenical_altar_simple_redux, uniq_natasha
D:4:      layout_basic, minmay_temple_entry_butterflies, uniq_blork_the_orc
D:5:      layout_basic, kennysheep_vampire_church, serial_bayou_pond_e,
          uniq_menkaure
D:6:      layout_loops_cross, overflow_temple_1_default
D:7:      layout_loops_ring, kennysheep_little_box, uniq_crazy_yiuf_cottage,
          uniq_duvessa
D:8:      layout_gridville, minitemple, serial_shops,
          nicolae_shop_overgrown_old_shop
D:9:      layout_basic, gammafunk_ghost_grave
D:10:     minmay_chambers_of_sevens, layout_irregular_city, lair_entry_dummy,
          erik_orc_1, grunt_ministairs_9, amethyst_killhole, uniq_josephine,
          uniq_urug
D:11:     layout_irregular_city, minmay_misc_feat_chi
D:12:     layout_rooms
Temple:   nicolae_temple_god_jail

Skill      XL: |  1  2  3  4  5  6  7  8  9 10 11 |
---------------+----------------------------------+-----
Unarmed Combat | 4 5 6 7 8 9 10 | 10.9
Transmutations | 3 4 5 6 8 9 10 | 10.7
Invocations    | 2 4 5 6 7 |  7.5
Evocations     | 3 4 5 |  5.3
Translocations | 2 3 5 |  5.0
Dodging        | 2 3 |  3.7
Fighting       | 3 4 |  4.2
Spellcasting   | 3 |  3.8
Shields        | 1 |  1.8

Action                   |  1- 3 |  4- 6 |  7- 9 | 10-12 || total
-------------------------+-------+-------+-------+-------++-------
Melee: Unarmed           |    84 |   269 |   269 |   203 ||   825
       Kick              |    12 |    39 |    27 |     1 ||    79
       Headbutt          |     7 |    17 |    13 |     3 ||    40
       Tailslap          |     7 |    27 |    23 |    17 ||    74
       Punch             |     2 |     5 |    12 |     5 ||    24
Throw: Boomerang         |       |       |     1 |     4 ||     5
       Throwing net      |       |       |       |     2 ||     2
 Cast: Beastly Appendage |    12 |    30 |    36 |     4 ||    82
       Blade Hands       |       |       |     1 |    35 ||    36
 Abil: Breathe Steam     |       |       |    46 |    37 ||    83
Evoke: Wand              |       |       |       |     3 ||     3
  Use: Potion            |       |       |       |    21 ||    21
       Scroll            |       |       |       |    13 ||    13
 Stab: Sleeping          |     1 |       |     3 |       ||     4
Armor: Skin              |    29 |    67 |    89 |    49 ||   234
Dodge: Dodged            |    70 |   123 |   157 |   111 ||   461
Block: Other             |       |       |       |    28 ||    28
       Reflection        |       |       |       |     5 ||     5
